[Event "12th Agzamov Memorial 2018"]
[Site "Tashkent"]
[Date "2018.04.28"]
[Round "6"]
[White "Sattarov, Bobir"]
[Black "Tashkhodzhaev, Akram"]
[Result "1/2-1/2"]
[ECO "A03"]
[WhiteElo "2396"]
[BlackElo "2125"]
[Annotator "RC"]
[PlyCount "185"]
[EventDate "2018.??.??"]
[EventType "swiss"]
[EventCountry "UZB"]
[SourceTitle "playchess.com"]
[Source "ChessBase"]
[SourceQuality "1"]
[TimeControl "5400+30"]

1. f4 d5 2. Nf3 g6 3. g3 Bg7 4. Bg2 Nf6 5. O-O c5 6. d3 Nc6 7. c3 O-O 8. Na3 b6 9. Bd2 Bb7 10. Qe1 Rc8 11. Rd1 Qc7 12. h3 Rcd8 13. g4 e5 14. Nb5 Qe7 15. Nxe5 Nxe5 16. fxe5 Qxe5 17. Bf4 Qe6 18. Qh4 Rd7 19. Rf2 Ne8 20. Rdf1 Bc6 21. Na3 d4 22. Bxc6 Qxc6 23. c4 f6 24. Bh2 Qe6 25. Nb1 Qe3 26. Bf4 Qe6 27. Bh2 Qe3 28. Kh1 Re7 29. Qg3 Bh6 30. Na3 Qxg3 31. Bxg3 Be3 32. Rf3 Bd2 33. R3f2 Be3 34. Rg2 Rff7 35. Nc2 Bd2 36. Rd1 Bh6 37. b4 Re6 38. Kg1 f5 39. gxf5 Rxf5 40. bxc5 bxc5 41. Rb1 Ra6 42. a3 Rb6 43. Rb5 Bf8 44. Rf2 Rxf2 45. Kxf2 Nd6 46. Rxb6 axb6 47. e3 Nf5 48. Bc7 dxe3+ 49. Nxe3 Nxe3 50. Kxe3 Kf7 51. Bxb6 Ke6 52. a4 Kd6 53. d4 cxd4+ 54. Bxd4 Be7 55. a5 Kc6 56. a6 g5 57. Ke4 h5 58. Kf5 Bd8 59. Be3 g4 60. hxg4 hxg4 61. Kxg4 Bc7 62. Kf5 Ba5 63. Ke6 Bb4 64. Bf4 Ba5 65. Bd6 Bb6 66. Bf4 Bd4 67. Be5 Bc5 68. Bb8 Kb6 69. Kd7 Bd4 70. Bd6 Kxa6 71. Kc6 Be3 72. Bc5 Bh6 73. Bd4 Bf8 74. Be3 Be7 75. Kd7 Bf8 76. Bf4 Bc5 77. Kc6 Bd4 78. Bd6 Be3 79. Bc5 Bh6 80. Kd7 Bc1 81. Bf2 Ba3 82. Be3 Bb4 83. Bd4 Ba3 84. Be5 Bc5 85. Bd6 Be3 86. Kc7 Bb6+ 87. Kc6 Be3 88. Bc5 Bh6 89. Kd7 Kb7 90. Bf2 Bf8 91. Bg3 Bc5 92. Bc7 Be3 93. Ba5 {Kc6+ Ke6 Kb7} 1/2-1/2

[Event "12th Agzamov Memorial 2018"]
[Site "Tashkent"]
[Date "2018.04.28"]
[Round "7"]
[White "Fayzullaev, Akmal"]
[Black "Sabirov, Asilbek"]
[Result "1-0"]
[ECO "D10"]
[WhiteElo "2382"]
[BlackElo "2132"]
[Annotator "ChessBase"]
[PlyCount "99"]
[EventDate "2018.??.??"]
[EventType "swiss"]
[EventCountry "UZB"]
[SourceTitle "playchess.com"]
[Source "ChessBase"]
[SourceQuality "1"]
[TimeControl "5400+30"]

1. d4 d5 2. c4 c6 3. cxd5 cxd5 4. Nc3 Nf6 5. Bf4 Nc6 6. e3 a6 7. Rc1 e6 8. Bd3 Bd6 9. Bxd6 Qxd6 10. f4 Bd7 11. Nf3 Ng4 12. Qe2 f5 13. O-O O-O 14. h3 Nf6 15. g4 Ne4 16. Qg2 Nxc3 17. Rxc3 Ne7 18. Rfc1 Rac8 19. gxf5 exf5 20. Ne5 Rxc3 21. Rxc3 Rc8 22. Qc2 Rxc3 23. Qxc3 Ng6 24. Nf3 Ne7 25. Kf2 Nc6 26. a3 h6 27. h4 g6 28. Ke2 Kg7 29. Kd2 Kf8 30. Qc5 Ke7 31. Bc2 Be6 32. Kc3 Bf7 33. b4 Be8 34. Bb3 Ke6 35. Ne1 Ne7 36. Qa7 Qc6+ 37. Kd2 Nc8 38. Qb8 Nd6 39. Nd3 b6 40. Ne5 Ne4+ 41. Ke2 Qb5+ 42. Ke1 Ng3 43. Qc8+ Ke7 44. Qc7+ Ke6 45. Nc4 Qc6 46. Qe5+ Kd7 47. Qxd5+ Kc7 48. Qe5+ Kd8 49. d5 Qc7 50. Qf6+ 1-0

[Event "12th Agzamov Memorial 2018"]
[Site "Tashkent"]
[Date "2018.04.28"]
[Round "7"]
[White "Kurbonboeva, Sarvinoz"]
[Black "Sattarov, Bobir"]
[Result "1-0"]
[ECO "A40"]
[WhiteElo "2219"]
[BlackElo "2396"]
[Annotator "NA"]
[PlyCount "90"]
[EventDate "2018.??.??"]
[EventType "swiss"]
[EventCountry "UZB"]
[SourceTitle "playchess.com"]
[Source "ChessBase"]
[SourceQuality "1"]
[TimeControl "5400+30"]

1. d4 g6 2. c4 Bg7 3. e4 c5 4. d5 d6 5. h3 e5 6. Nc3 Ne7 7. h4 h5 8. Be2 Nd7 9. Nf3 a6 10. Ng5 Nf8 11. Be3 f6 12. Nh3 Bh6 13. Bxh6 Rxh6 14. Qd2 Ng8 15. O-O-O Qa5 16. f4 $16 Bxh3 17. Rxh3 exf4 18. Qxf4 O-O-O 19. g4 Kb8 20. gxh5 gxh5 21. Rg1 Ng6 22. Qf5 Ne5 23. Rg7 Rh8 24. Nd1 Nh6 25. Qxf6 Nhg4 26. Qg5 Rc8 27. Ra3 Qd8 28. Rb3 Rc7 29. Qxd8+ Rxd8 30. Rg5 Rh7 31. Kd2 Rf8 32. Rf5 Rxf5 33. exf5 Rf7 34. Ne3 Nxe3 35. Kxe3 Rxf5 36. Ke4 Rf2 37. Bxh5 Rh2 38. Kf5 Rxh4 39. Kg5 Rxc4 40. Be2 Ra4 41. a3 Kc7 42. Rh3 Rd4 43. Rh7+ Kb6 44. Bf1 Rxd5 45. Bg2 Nc6+ 1-0